 Dungeon Crawl Stone Soup version 0.29-a0-997-gf6f7e2dfe7 (webtiles) character file.

Game seed: 2586310106780928368

932 Newt the Skirmisher (level 8, 0/48 HPs)
             Began as a Kobold Hunter on Aug 4, 2022.
             Slain by an ice beast (5 damage)
             ... on level 5 of the Dungeon.
             The game lasted 00:06:37 (3600 turns).

Newt the Skirmisher (Kobold Hunter)                 Turns: 3600, Time: 00:06:38

Health: 0/48       AC: -1    Str: 10    XL:     8   Next: 33%
Magic:  8/8        EV: 15    Int: 11    God:
Gold:   137        SH:  0    Dex: 18    Spells: 7/7 levels left

rFire   . . .      SeeInvis .   a - +1 shortbow
rCold   . . .      Faith    .   (shield currently unavailable)
rNeg    . . .      Spirit   .   c - +0 leather armour
rPois   .          Reflect  .   p - +1 helmet
rElec   .          Harm     .   (no cloak)
rCorr   .          Rampage  .   n - +0 pair of gloves
Will    .....                   (no boots)
Stlth   ++........              (no amulet)
HPRegen 0.16/turn               (no ring)
MPRegen 0.11/turn               (no ring)

@: silenced, corroded
A: small, no large weapons, nightstalker 3
a: no special abilities


You were on level 5 of the Dungeon.
You visited 1 branch of the dungeon, and saw 5 of its levels.

You collected 137 gold pieces.

Inventory:

Hand Weapons
 a - a +1 shortbow (weapon)
Missiles
 l - 5 poisoned darts
Armour
 c - a +0 leather armour (worn)
 n - a +0 pair of gloves (worn)
 p - a +1 helmet (worn)
Wands
 r - a wand of roots (4)
Scrolls
 b - 4 scrolls of immolation
 k - a scroll of magic mapping
Potions
 e - 3 potions of magic
 g - a potion of mutation {unknown}
 h - a potion of degeneration
 o - a potion of flight {unknown}
 q - a potion of lignification {unknown}


   Skills:
 + Level 4.5 Fighting
 + Level 10.6 Ranged Weapons
 + Level 2.1 Armour
 + Level 3.9 Dodging
 + Level 2.5 Stealth


You had 7 spell levels left.
You didn't know any spells.
Your spell library contained the following spells:

 Spells                   Type           Power      Damage    Failure   Level
 Portal Projectile        Hex/Tloc       0%         N/A       80%         3
 Tukima's Dance           Hex            0%         N/A       80%         3
 Blade Hands              Tmut           0%         N/A       100%        5


Dungeon Overview and Level Annotations

Branches:
Dungeon (5/15)
 Temple: D:4-7

Altars:
Zin

Annotations:
D:3 1 runed translucent door


Innate Abilities, Weirdness & Mutations

You are small and have problems with some larger weapons.
You are completely attuned to the shadows.


Message History

You shoot an arrow. The arrow hits the jelly.
The jelly is almost dead.
The jelly hits you. The acid corrodes you!
You are splashed with acid!
* * * LOW HITPOINT WARNING * * *
Fire: a) +1 shortbow
Press: ? - help, Shift-Dir - straight line, f/p - ice beast
Aim: an ice beast (69% to hit)
You shoot an arrow.
The arrow hits the jelly but does no damage.
The jelly is almost dead.
The jelly closely misses you.
You feel much better. The jelly closely misses you.
There is a stone staircase leading up here.
Fire: a) +1 shortbow
Press: ? - help, Shift-Dir - straight line, f/p - ice beast
Aim: an ice beast (69% to hit)
You shoot an arrow. The arrow hits the jelly!
You kill the jelly!
Unknown command.
As you read the scroll labelled OMOMNE YCOEHY, it crumbles to dust.
You assume a fearsome visage.
The ice beast resists with some effort.
It was a scroll of fear.
The ice beast hits you. The ice beast freezes you!
Unknown command.
The ice beast completely misses you. The ice beast misses you.
As you read the scroll labelled DUANUEF TAONA, it crumbles to dust.
A profound silence engulfs you.
It was a scroll of silence.
The ice beast hits you. The ice beast freezes you!
The ice beast attacks as you move away! The ice beast hits you.
The ice beast freezes you!
* * * LOW HITPOINT WARNING * * *
The ice beast attacks as you move away! The ice beast closely misses you.
Aiming: Fastroot
Press: ? - help, Q - select action, (/) - cycle Shift-Dir - straight line, f/p - ice beast
Aim: an ice beast (silenced)
The roots erupt in riotous growth!
Roots grab the ice beast.
The grasping roots constrict the ice beast!
The ice beast hits you.
You die...

### ##.. #..
#.# #@# #Y#
..#####.###
......<.....
#.####......
#..###. ...#
####


You could see an ice beast (rooted).

Vanquished Creatures
  The ghost of pigah the Zephyrmancer, a novice OpAE of Gozag (D:3)
  Pargi (D:4)
  A sky beast (D:4)
  A bullfrog (D:3)
  A scorpion (D:4)
  A hound (D:4)
  A quasit (D:3)
  A jelly (D:5)
  An orc wizard (D:3)
  4 adders (D:3)
  A river rat (D:3)
  An ufetubus (D:5)
  An adder zombie (D:2)
  An adder skeleton (D:2)
  4 worms
  5 dart slugs
  6 orcs (D:3)
  9 ball pythons
  A bat skeleton (D:2)
  6 endoplasms
  2 giant cockroaches (D:1)
  7 goblins
  7 hobgoblins
  4 quokkas
  A ball python zombie (D:2)
  6 bats
  3 frilled lizards
  6 kobolds
  6 rats
90 creatures vanquished.

Vanquished Creatures (others)
  11 demonic plants (D:4)
11 creatures vanquished.

Grand Total: 101 creatures vanquished

Notes
Turn   | Place    | Note
-------+----------+-------------------------------------------
     0 | D:1      | Newt the Kobold Hunter began the quest for the Orb.
     0 | D:1      | Reached XP level 1. HP: 12/12 MP: 1/1
   286 | D:1      | Reached XP level 2. HP: 18/18 MP: 2/2
   641 | D:1      | Reached skill level 6 in Ranged Weapons
  1000 | D:1      | Found a faded altar of an unknown god.
  1078 | D:2      | Reached XP level 3. HP: 22/22 MP: 3/3
  1329 | D:2      | Found a glowing silver altar of Zin.
  1474 | D:2      | Reached XP level 4. HP: 16/27 MP: 4/4
  1658 | D:2      | Identified the +1 leather armour of the Lute {Str+3 SInv}
  1818 | D:3      | Reached skill level 7 in Ranged Weapons
  1824 | D:3      | Reached XP level 5. HP: 31/31 MP: 5/5
  2227 | D:3      | Found a runed translucent door.
  2492 | D:3      | Found a runed translucent door.
  2505 | D:3      | Noticed a bullfrog
  2508 | D:3      | Noticed pigah's ghost (novice OpAE)
  2510 | D:3      | Killed a bullfrog
  2511 | D:3      | Reached skill level 8 in Ranged Weapons
  2511 | D:3      | Reached XP level 6. HP: 37/37 MP: 6/6
  2524 | D:3      | Killed pigah's ghost
  2525 | D:3      | Reached skill level 9 in Ranged Weapons
  2525 | D:3      | Reached skill level 1 in Armour
  2525 | D:3      | Reached XP level 7. HP: 16/42 MP: 7/7
  3169 | D:3      | Reached skill level 10 in Ranged Weapons
  3264 | D:4      | Reached XP level 8. HP: 48/48 MP: 8/8
  3518 | D:4      | Noticed Pargi
  3538 | D:4      | Killed Pargi
  3574 | D:5      | Entered Level 5 of the Dungeon
  3600 | D:5      | Slain by an ice beast

Illustrated notes

Levels and vault maps discovered:
D:1:      psy_arrival_heroes, layout_loops_corners,
          shapermc_ecumenical_altar_mp_vishouse,
          hangedman_decor_clover_reticule, minmay_misc_feat_four_crosses,
          corexii_corridor_pit
D:2:      layout_rooms, basic_altar, serial_undead, serial_undead_a,
          serial_undead_b, serial_undead_e, serial_undead_f,
          minmay_pentomino_pile
D:3:      layout_loops_corners, ebering_ghost_sewer_f
D:4:      layout_loops_cross, serial_demonic, serial_demonic_d,
          serial_demonic_b, serial_demonic_e, serial_demonic_b,
          serial_demonic_b, serial_demonic_g, serial_demonic_g,
          serial_demonic_a, serial_shops, nicolae_shop_waterfront,
          minmay_increasing_density, uniq_robin, uniq_pargi
D:5:      layout_rooms, grunt_temple_overflow_bloody_war, slow_altar_1

Skill      XL: |  1  2  3  4  5  6  7  8 |
---------------+-------------------------+-----
Ranged Weapons | 6 7 8 9 10 | 10.6
Stealth        | 2 |  2.5
Fighting       | 3 4 |  4.5
Armour         | 1 2 |  2.1
Dodging        | 3 |  3.9

Action                   |  1- 3 |  4- 6 |  7- 9 || total
-------------------------+-------+-------+-------++-------
 Fire: Shortbow          |    79 |    81 |    91 ||   251
Evoke: Wand              |       |       |     2 ||     2
  Use: Scroll            |     1 |    10 |     3 ||    14
       Potion            |       |     3 |     4 ||     7
Armor: Leather armour    |     7 |    15 |    45 ||    67
Dodge: Dodged            |    28 |    39 |   130 ||   197

Table legend: (Time is in decaauts)
 A = Elapsed time spent in this place.
 B = Non-inter-level travel time spent in this place.
 C = Inter-level travel time spent in this place.
 D = Time resting spent in this place.
 E = Time spent auto-exploring this place.
 F = Levels seen in this place.
 G = Mean time per level.
                   A        B        C        D        E       F      G
               +--------+--------+--------+--------+--------+-----+--------+
         Total |   3642 |   3583 |     59 |    428 |   2618 |   5 |  728.4 |
       Dungeon |   3642 |   3583 |     59 |    428 |   2618 |   5 |  728.4 |
               +--------+--------+--------+--------+--------+-----+--------+

Top non-repeatable levels by time:
     D:3: 1442 daAuts
     D:1: 1055 daAuts
     D:2: 769 daAuts
     D:4: 348 daAuts
     D:5: 26 daAuts
